 Dungeon Crawl Stone Soup version 0.28-a0-850-g09de17f5b5 (webtiles) character file.

Game seed: 13124684728360590651

343 devnull the Poker (level 6, 0/49 HPs)
             Began as a Merfolk Gladiator on Nov 14, 2021.
             Succumbed to Robin's poison
             ... on level 3 of the Dungeon.
             The game lasted 00:06:33 (3536 turns).

devnull the Poker (Merfolk Gladiator)               Turns: 3536, Time: 00:06:33

Health: 0/49       AC:  9    Str: 13 (16) XL:     6   Next: 57%
Magic:  2/2        EV:  7    Int:  4 (7)  God:
Gold:   120        SH:  0    Dex: 14 (16) Spells: 5/5 levels left

rFire   + . .      SeeInvis .   a - +1 spear (antimagic)
rCold   + . .      Faith    .   (no shield)
rNeg    . . .      Spirit   .   i - +0 chain mail
rPois   +          Reflect  .   c - +0 helmet
rElec   +          Harm     .   (no cloak)
rCorr   +          Rampage  .   (no gloves)
Will    .....                   (no boots)
Stlth   ..........              (no amulet)
HPRegen 0.16/turn               (no ring)
MPRegen 0.08/turn               (no ring)

@: lethally poisoned (0 -> -4), resistant, attractive, flying
A: (nimble swimmer 2), mertail
a: no special abilities


You were on level 3 of the Dungeon.
You visited 1 branch of the dungeon, and saw 3 of its levels.

You collected 120 gold pieces.

Inventory:

Hand Weapons
 a - a +1 antimagic spear (weapon)
Missiles
 d - 3 throwing nets (quivered)
 h - 14 poisoned darts
Armour
 c - a +0 helmet (worn)
 i - a +0 chain mail (worn)
Scrolls
 b - a scroll of enchant weapon
 k - a scroll of vulnerability {unknown}
 l - a scroll of acquirement {unknown}
Potions
 g - a potion of attraction


   Skills:
 + Level 4.5 Fighting
 + Level 7.0 Polearms
 - Level 2.0 Throwing
 + Level 6.3 Dodging


You had 5 spell levels left.
You didn't know any spells.
Your spell library was empty.

Dungeon Overview and Level Annotations

Branches:
Dungeon (3/15)

Altars:

Shops:
D:2 :


Innate Abilities, Weirdness & Mutations

((You are quick and stealthy near water. (Stealth+, EV+, Speed+++)))
Your lower body shifts to a powerful aquatic tail in water.


Message History

You hit the hobgoblin but do no damage.
* * * LOW HITPOINT WARNING * * *
You feel sick. The hobgoblin hits you.
* * * LOW HITPOINT WARNING * * *
You barely miss the hobgoblin.
* * * LOW HITPOINT WARNING * * *
You feel very sick.
The hobgoblin hits you but does no damage.
You hit the hobgoblin but do no damage.
* * * LOW HITPOINT WARNING * * *
You feel sick. The hobgoblin misses you.
It was a potion of attraction.
You feel attractive to monsters.
* * * LOW HITPOINT WARNING * * *
You feel sick.
The hobgoblin no longer looks unusually strong.
The hobgoblin hits you.
* * * LOW HITPOINT WARNING * * *
It was a potion of degeneration.
There was something very wrong with that liquid.
You feel weakened.
You feel dopey.
You feel clumsy.
* * * LOW HITPOINT WARNING * * *
You feel sick.
The hobgoblin no longer looks unusually strong.
The hobgoblin hits you but does no damage.
It was a potion of flight.
You feel very buoyant.
You fly up into the air.
* * * LOW HITPOINT WARNING * * *
You feel sick.
The goblin no longer looks unusually strong.
The hobgoblin hits you but does no damage.
Okay, then.
Okay, then.
Okay, then.
Unknown command.
You are too injured to fight recklessly!
Unknown command.
You feel protected.
You die...

#.# #.# #.#
#.# ### #g#
..# #g# #.#
#g# #.# #@#
#.###.#####!#
#...........#
#####.#######
#.#
##########.#
#..........#
#.##########
#.#


You could see 2 hobgoblins and a goblin.

Vanquished Creatures
  Sigmund (D:2)
  A centaur skeleton (D:3)
  An iguana (D:3)
  An orc wizard (D:3)
  Robin (D:3)
  4 gnolls
  An adder (D:2)
  A dart slug (D:3)
  5 orcs
  5 bats
  5 endoplasms
  2 giant cockroaches
  7 goblins
  8 hobgoblins
  2 jackals (D:1)
  A kobold (D:1)
  6 ball pythons
  A frilled lizard (D:3)
  2 rats
55 creatures vanquished.

Vanquished Creatures (others)
  3 plants (D:2)
3 creatures vanquished.

Grand Total: 58 creatures vanquished

Notes
Turn   | Place    | Note
-------+----------+-------------------------------------------
     0 | D:1      | devnull the Merfolk Gladiator began the quest for the Orb.
     0 | D:1      | Reached XP level 1. HP: 16/16 MP: 1/1
   433 | D:1      | Reached XP level 2. HP: 23/23 MP: 0/2
   753 | D:1      | Reached skill level 5 in Polearms
   830 | D:1      | Reached XP level 3. HP: 28/28 MP: 1/3
  1080 | D:2      | Found a faded altar of an unknown god.
  2112 | D:2      | Noticed Sigmund
  2136 | D:2      | Killed Sigmund
  2137 | D:2      | Reached skill level 6 in Polearms
  2137 | D:2      | Reached skill level 5 in Dodging
  2137 | D:2      | Reached XP level 4. HP: 10/37 MP: 1/4
  2137 | D:2      | Reached XP level 5. HP: 11/42 MP: 1/5
  2390 | D:2      | Found Taro's Book Shoppe.
  2684 | D:2      | Reached XP level 6. HP: 24/48 MP: 2/6
  3506 | D:3      | Noticed Robin
  3517 | D:3      | Reached skill level 7 in Polearms
  3527 | D:3      | Killed Robin
  3534 | D:3      | HP: 2/49 [poisoned by Robin]
  3536 | D:3      | Succumbed to Robin's poison

Illustrated notes

Levels and vault maps discovered:
D:1:      dpeg_arrival_radiant, layout_loops_ring
D:2:      layout_rooms, serial_forest, infiniplex_forest_lined_room_,
          infiniplex_forest_clump_medium, infiniplex_forest_end_3,
          infiniplex_forest_zigzag_1, infiniplex_forest_clump_tiny,
          infiniplex_forest_clump_small, infiniplex_forest_lined_3,
          infiniplex_forest_lined_4_way, infiniplex_forest_lined_4_way,
          infiniplex_forest_lined_ring, serial_shops, nicolae_lakefront_shop,
          ebering_ecumenical_altar_box, uniq_sigmund
D:3:      layout_loops_ring, st_stairs_6, uniq_terence, uniq_robin

Skill      XL: |  1  2  3  4  5  6 |
---------------+-------------------+-----
Polearms       | 5 6 7 |  7.0
Fighting       | 4 |  4.5
Dodging        | 5 6 |  6.3
Throwing       | |  2.0

Action                   |  1- 3 |  4- 6 || total
-------------------------+-------+-------++-------
Melee: Trident           |    29 |       ||    29
       Spear             |   100 |   113 ||   213
  Use: Scroll            |     2 |       ||     2
       Potion            |     1 |     4 ||     5
Armor: Ring mail         |    16 |       ||    16
       Chain mail        |     7 |    24 ||    31
Dodge: Dodged            |    51 |    25 ||    76

Table legend: (Time is in decaauts)
 A = Elapsed time spent in this place.
 B = Non-inter-level travel time spent in this place.
 C = Inter-level travel time spent in this place.
 D = Time resting spent in this place.
 E = Time spent auto-exploring this place.
 F = Levels seen in this place.
 G = Mean time per level.
                   A        B        C        D        E       F      G
               +--------+--------+--------+--------+--------+-----+--------+
         Total |   3475 |   3348 |    127 |    745 |   2127 |   3 | 1158.3 |
       Dungeon |   3475 |   3348 |    127 |    745 |   2127 |   3 | 1158.3 |
               +--------+--------+--------+--------+--------+-----+--------+

Top non-repeatable levels by time:
     D:1: 1856 daAuts
     D:2: 1059 daAuts
     D:3: 558 daAuts
